Match 42831904
Unlisted

Match 42831904
End
Construct Section Command Post
Royal Engineer Section
Selects Canadian Shock Battlegroup
Infantry Section
Vickers Machine Gun Team
Construct Platoon Command Post
Selects Attacking Spirit
Selects Canadian Shock Section
ML 3-inch Mortar Team
Humber Armored Car
Canadian Shock Section
AI Takeover
matjouz
Sarmynation
犀利哥0577
82eAeroporte
0
0

Comments sign in to comment!

No comments posted yet!